 Dungeon Crawl Stone Soup version 0.30.1-11-g7821555f0a (webtiles) character file.

Game seed: 18410456062128397288

1369 Kallu the Digger (level 8, -9/57 HPs)
             Began as a Green Draconian Earth Elementalist on Jan 3, 2024.
             Was an Initiate of Kikubaaqudgha.
             Mangled by an ice devil (13 damage)
             ... summoned by a kobold demonologist
             ... on level 5 of the Dungeon.
             The game lasted 00:07:38 (4885 turns).

Kallu the Digger (DrEE)                             Turns: 4885, Time: 00:07:39

Health: -9/57      AC: 12    Str: 11    XL:     8   Next: 38%
Magic:  4/17       EV: 12    Int: 18    God:    Kikubaaqudgha [......]
Gold:   371        SH:  0    Dex: 11    Spells: 16/20 levels left

rFire   . . .        b - staff of earth
rCold   . . .        (no shield)
rNeg    . . .        (body armour unavailable)
rPois   +            (helmet restricted)
rElec   .            (no cloak)
rCorr   .            o - +0 pair of gloves
SInv    .            s - +0 pair of boots
Will    +....        (no amulet)
Stlth   ++           c - +4 ring of protection
HPRegen 0.29/turn    x - ring of willpower
MPRegen 0.15/turn

%: no passive effects
@: slowed, very slow
A: breathe noxious fumes, AC +6, unfitting armour, poison resistance,
cold-blooded
a: Breathe Noxious Fumes, Renounce Religion


You were on level 5 of the Dungeon.
You worshipped Kikubaaqudgha.
Kikubaaqudgha was noncommittal.
You visited 2 branches of the dungeon, and saw 6 of its levels.

You collected 371 gold pieces.

Inventory:

Hand Weapons
 a - the +12 hand axe "Tasmyrev" {flame, *Corrode rElec rC++ Int+3}
   (You found it on level 4 of the Dungeon)

   Int:       It affects your intelligence (+3).
   rC:        It greatly protects you from cold.
   rElec:     It insulates you from electricity.
   *Corrode:  It may corrode you when you take damage.
Armour
 o - a +0 pair of gloves (worn)
 s - a +0 pair of boots (worn)
Magical Staves
 b - a staff of earth (weapon)
 y - a staff of death
Jewellery
 c - a +4 ring of protection (left hand)
 w - a ring of fire
 x - a ring of willpower (right hand)
 z - a +6 ring of strength
Wands
 p - a wand of roots (11)
 B - a wand of flame (13)
Scrolls
 d - a scroll of blinking {unknown}
 f - a scroll of silence {unknown}
 h - 2 scrolls of teleportation {unknown}
 i - 4 scrolls of identify {unknown}
 j - 2 scrolls of enchant armour {unknown}
 n - a scroll of vulnerability {unknown}
 u - a scroll of fear {unknown}
Potions
 e - a potion of berserk rage {unknown}
 g - 2 potions of magic
 k - 2 potions of mutation {unknown}
 l - 5 potions of brilliance {unknown}
 m - 3 potions of attraction {unknown}
 q - 3 potions of heal wounds {unknown}
 r - 2 potions of degeneration {unknown}
 t - a potion of curing {unknown}
 v - 2 potions of invisibility {unknown}
 A - a potion of lignification {unknown}


   Skills:
 - Level 1.7 Dodging
 - Level 1.7 Stealth
 + Level 6.5 Spellcasting
 - Level 4.0 Conjurations
 - Level 1.0 Transmutations
 + Level 7.2 Earth Magic


You had 16 spell levels left.
You knew the following spells:

 Your Spells              Type           Power      Damage    Failure   Level
a - Sandblast             Erth           94%        2d19      1%          1
b - Stone Arrow           Conj/Erth      78%        3d11      3%          3

Your spell library contained the following spells:

 Spells                   Type           Power      Damage    Failure   Level
 Passwall                 Tmut/Erth      25%        N/A       3%          2
 Summon Small Mammal      Summ           20%        N/A       12%         1
 Petrify                  Tmut/Erth      30%        N/A       22%         4
 Call Canine Familiar     Summ           5%         N/A       34%         3
 Summon Guardian Golem    Hex/Summ       5%         N/A       34%         3


Dungeon Overview and Level Annotations

Branches:
Dungeon (5/15)             Temple (1/1) D:5

Altars:
Cheibriados
Dithmenos
Elyvilon
Fedhas
Hepliaklqana
Kikubaaqudgha
Makhleb
Nemelex Xobeh
Okawaru
Qazlal
Ru
Sif Muna
Trog
Uskayaw
Vehumet
Wu Jian
Xom
Zin
The Shining One

Annotations:
D:3 1 runed translucent door, Crazy Yiuf


Innate Abilities, Weirdness & Mutations

You can breathe blasts of noxious fumes.
Your lurid green scales are hard. (AC +6)
You cannot fit into any form of body armour.
Your system is resistant to poisons. (rPois)
You are cold-blooded and may be slowed by cold attacks.


Message History

The shadow imp gestures at you. You resist with some effort.
The kobold demonologist looks braver for a moment.
The ynoxinul gestures.
You feel a surge of power!
The blast of sand hits the shadow imp!
The shadow imp is severely wounded.
The kobold demonologist looks encouraged for a moment.
The shadow imp barely misses you.
The kobold demonologist gestures wildly while chanting.
You feel a surge of power!
The blast of sand hits the shadow imp!!
You kill the shadow imp!
The shadow imp disappears in a puff of smoke!
The kobold demonologist looks satisfied for a moment.
The kobold demonologist gestures wildly while chanting.
You feel a surge of power!
The blast of sand hits the ice devil.
The ice devil is lightly wounded.
The ynoxinul disappears in a puff of smoke!
The ufetubus disappears in a puff of smoke!
The kobold demonologist mumbles some strange words.
The ice devil hits you but does no damage.
The kobold demonologist miscasts a cantrip.
The kobold demonologist mumbles some strange words.
The kobold demonologist casts a spell.
The ice devil attacks as you move away!
The ice devil hits you but does no damage.
The kobold demonologist casts a spell.
The ice devil attacks as you move away! The ice devil hits you.
The ice devil freezes you! The ice devil attacks as you move away!
The ice devil hits you. The ice devil freezes you!!
You feel yourself slow down. The ice devil attacks as you move away!
The ice devil hits you.
* * * LOW HITPOINT WARNING * * *
The ice devil freezes you!
You feel as though you will be slow longer.
* * * LOW HITPOINT WARNING * * *
The ice devil hits you.
* * * LOW HITPOINT WARNING * * *
The ice devil freezes you!
You die...
Kikubaaqudgha rasps: "You have failed me!
Welcome... death!"

#)# #................. #.#
#####.#.#...#.#.##
#.##K##############...#...#...#
#.555)43.K4......##.>.#.8.#.<.#
####5#########4####...#...#...#
#.# #.# #####...##### #.# #4#
#...# ..# ##4#######....# ###
#..@.....#.###### #..#####...
..# #####..#####..### #.#
#####...............# #.#
#.....###..#####..#.# #.#
#.#######...## #..#.###.### #.#
#.....###..#.......# #.#
##....†..........#.# #.#
##.####.###...###.#


You could see 3 ice devils.

Vanquished Creatures
  A kobold demonologist (D:5)
  A water moccasin (D:4)
  An ice beast (D:5)
  A black bear (D:4)
  A centaur (D:5)
  3 hounds (D:5)
  2 jellies
  3 orc priests
  A sleepcap (D:4)
  Jessica (D:2)
  4 iguanas
  2 orc wizards
  11 gnolls
  7 adders
  A shadow imp (D:4)
  An ufetubus (D:5)
  2 worms (D:2)
  A dart slug (D:3)
  14 orcs
  2 ball pythons
  4 bats
  9 endoplasms
  3 giant cockroaches
  6 goblins
  9 hobgoblins
  6 jackals
  8 kobolds
  2 quokkas
  3 frilled lizards
  4 rats
114 creatures vanquished.

Notes
Turn   | Place    | Note
-------+----------+-------------------------------------------
     0 | D:1      | Kallu the Draconian Earth Elementalist began the quest for
                  | the Orb.
     0 | D:1      | Reached XP level 1. HP: 14/14 MP: 3/3
   154 | D:1      | Reached XP level 2. HP: 8/20 MP: 0/5
  1119 | D:2      | Reached XP level 3. HP: 26/26 MP: 5/7
  1138 | D:2      | Noticed Jessica
  1142 | D:2      | Killed Jessica
  1310 | D:2      | Reached skill level 4 in Earth Magic
  1310 | D:2      | Reached XP level 4. HP: 33/33 MP: 3/8
  1835 | D:2      | Found a faded altar of an unknown god.
  1960 | D:3      | Reached XP level 5. HP: 29/38 MP: 5/10
  2063 | D:3      | Learned a level 3 spell: Stone Arrow
  2407 | D:3      | Reached skill level 5 in Earth Magic
  2805 | D:3      | Found a runed translucent door.
  2806 | D:3      | Noticed Crazy Yiuf
  2888 | D:4      | Identified the +12 hand axe "Tasmyrev" {flame, *Corrode
                  | rElec rC++ Int+3}
  2897 | D:4      | Noticed a water moccasin
  2904 | D:4      | Killed a water moccasin
  2905 | D:4      | Reached XP level 6. HP: 35/45 MP: 7/12
  3119 | D:4      | Reached skill level 1 in Conjurations
  3536 | D:4      | Your scales start taking on a lurid green colour.
  3536 | D:4      | Reached XP level 7. HP: 50/50 MP: 10/14
  3536 | D:4      | Gained mutation: Your system is resistant to poisons.
                  | (rPois) [Green Draconian growth]
  3576 | D:4      | Reached skill level 5 in Spellcasting
  3623 | D:4      | Reached skill level 6 in Earth Magic
  3839 | D:5      | Entered Level 5 of the Dungeon
  4211 | D:5      | Found a staircase to the Ecumenical Temple.
  4221 | Temple   | Entered the Ecumenical Temple
  4442 | D:5      | Found an ancient bone altar of Kikubaaqudgha.
  4444 | D:5      | Found a glowing silver altar of Zin.
  4446 | D:5      | Became a worshipper of Kikubaaqudgha
  4776 | D:5      | Reached XP level 8. HP: 57/57 MP: 14/16
  4851 | D:5      | Noticed a kobold demonologist
  4852 | D:5      | Noticed a kobold demonologist
  4853 | D:5      | Noticed a kobold demonologist
  4870 | D:5      | Killed a kobold demonologist
  4871 | D:5      | Reached skill level 7 in Earth Magic
  4874 | D:5      | Noticed a sixfirhy
  4875 | D:5      | Noticed an ice devil
  4878 | D:5      | Noticed a red devil
  4879 | D:5      | Noticed an ice devil
  4882 | D:5      | Noticed an ice devil
  4885 | D:5      | Mangled by an ice devil

Illustrated notes

Levels and vault maps discovered:
D:1:      tarquinn_simple_flora_water_d, layout_basic, serial_forest,
          infiniplex_forest_lined_2, infiniplex_forest_clump_small,
          infiniplex_forest_lined_room_2, infiniplex_forest_clump_tiny,
          infiniplex_forest_join, nrook_loot_triangle
D:2:      layout_loops_ring, chequers_ecumenical_altar_twisty,
          hangedman_decor_push, corexii_item_surrounded_by_moat,
          kennysheep_boxes, uniq_jessica
D:3:      layout_loops_ring, kennysheep_generic_room_9, uniq_crazy_yiuf_cottage
D:4:      layout_cave_pods, kennysheep_generic_room_7
D:5:      layout_loops_corners, grunt_temple_overflow_open,
          minmay_temple_entry_gardened_gates, portal_sewer_entry_d,
          nicolae_elevator_lobby_plus
Temple:   minmay_crystal_spiral_temple

Skill      XL: |  1  2  3  4  5  6  7  8 |
---------------+-------------------------+-----
Spellcasting   | 3 4 5 6 |  6.5
Earth Magic    | 4 5 6 7 |  7.2
Conjurations   | 1 3 4 |  4.0
Dodging        | |  1.7
Stealth        | |  1.7
Transmutations | |  1.0

Action                     |  1- 3 |  4- 6 |  7- 9 || total
---------------------------+-------+-------+-------++-------
  Melee: Unarmed           |    18 |       |       ||    18
         Staff             |    14 |    13 |     2 ||    29
         Tailslap          |     2 |       |     2 ||     4
         Hand axe          |       |     3 |     5 ||     8
         Punch             |       |     1 |       ||     1
   Cast: Sandblast         |    33 |    84 |    63 ||   180
         Stone Arrow       |       |       |     1 ||     1
Ability: Breathe Noxious F |       |       |     2 ||     2
   Stab: Sleeping          |     2 |       |       ||     2
         Confused          |       |       |     1 ||     1
 Armour: Skin              |    12 |    14 |    22 ||    48
  Dodge: Dodged            |    29 |    40 |    20 ||    89
